 Dungeon Crawl Stone Soup version 0.18.1-48-g4cf74bf (webtiles) character file.

60 Gargoyl the Skirmisher (level 3, -3/29 HPs)
             Began as a Demonspawn Abyssal Knight on July 28, 2016.
             Was a Believer of Lugonu.
             Slain by an orc
             ... wielding a +0 club
              (4 damage)
             ... on level 3 of the Dungeon.
             The game lasted 00:04:24 (1808 turns).

Gargoyl the Skirmisher (Demonspawn Abyssal Knight)  Turns: 1808, Time: 00:04:25

Health: -3/29      AC: 12    Str: 13    XL:     3   Next: 82%
Magic:  4/4        EV:  3    Int: 13    God:    Lugonu [**....]
Gold:   98         SH:  0    Dex: 12    Spells: 0 memorised, 2 levels left

rFire  . . .     SeeInvis .     a - +1 hand axe
rCold  . . .     Gourm    .     k - +0 plate armour
rNeg   . . .     Faith    .     (no shield)
rPois  .         Spirit   .     (helmet restricted)
rElec  .         Dismiss  .     b - +0 cloak
rCorr  .         Reflect  .     (no gloves)
SustAt .         Harm     .     (no boots)
MR     .....                    (no amulet)
Stlth  ..........               (no ring)
                                (no ring)

@: not resistant to hostile enchantments, extremely unstealthy
A: horns 1, talons 1
a: Depart the Abyss, Bend Space, Renounce Religion


You were on level 3 of the Dungeon.
You worshipped Lugonu.
Lugonu was pleased with you.
You were not hungry.

You visited 1 branch of the dungeon, and saw 4 of its levels.
You visited the Abyss 1 time.

You collected 98 gold pieces.

Inventory:

Hand Weapons
 a - a +1 hand axe (weapon)
Armour
 b - a +0 cloak (worn)
 k - a +0 plate armour (worn)
Wands
 i - a wand of iceblast (5/15)
Scrolls
 e - 4 scrolls of identify {unknown}
 f - a scroll of fog {unknown}
 h - a scroll of recharging {unknown}
 j - a scroll of teleportation {unknown}
Comestibles
 c - 3 bread rations
 g - a beef jerky


   Skills:
 + Level 3.6 Fighting
 + Level 2.6 Axes
 + Level 2.3 Armour
 + Level 1.2 Dodging
 + Level 2.5 Invocations


You had 2 spell levels left.
You didn't know any spells.

Dungeon Overview and Level Annotations

Branches:
Dungeon (4/15)
 Temple: D:4-7

Altars:

Annotations:
D:3 Sigmund


Innate Abilities, Weirdness & Mutations

You have a pair of small horns on your head.
You have sharp toenails.


Message History

Your plate armour prevents you from hitting the adder.
You claw the adder. Your headbutt misses the adder.
The adder is lightly wounded.
You hit the orc but do no damage.
The orc is heavily wounded.
The adder bites you but does no damage. The orc hits you but does no damage.
The adder bites you.
* * * LOW HITPOINT WARNING * * *
You closely miss the adder.
The adder is lightly wounded.
You hit the orc.
The orc is almost dead.
The adder bites you but does no damage. The orc hits you but does no damage.
Unknown command.
You hit the adder. Your kick misses the adder.
The adder is heavily wounded.
You hit the orc but do no damage.
The orc is almost dead.
The adder bites you but does no damage. The orc hits you with a club.
You die...

###.##.#####
..##.####
#.#.....# .
####.#รท###.# ..
##..##).###.#
...#........##.#
#...........#.#
#....o........#
.#...@....####
.#..(.S...##
.............#
.............#
...#........##
.. ##..##..## .
.###.#.# ..
#...# #.###


You could see an adder and an orc.

Vanquished Creatures
  A worm (D:2)
  A dart slug (D:2)
  2 giant geckos (D:1)
  2 orcs
  2 giant cockroaches
  7 goblins
  5 hobgoblins
  6 jackals (D:1)
  5 bats
  4 giant newts
  9 kobolds
  6 rats
50 creatures vanquished.

Notes
Turn   | Place    | Note
--------------------------------------------------------------
     0 | Abyss:1  | Gargoyl the Demonspawn Abyssal Knight began the quest for the Orb.
     0 | Abyss:1  | Reached XP level 1. HP: 18/18 MP: 2/2
    26 | Abyss:2  | Noticed a large abomination
    26 | D:1      | Escaped the Abyss
    48 | D:1      | Reached * piety under Lugonu
   230 | D:1      | Gained mutation: You have a pair of small horns on your head. [demonic ancestry]
   230 | D:1      | Reached XP level 2. HP: 12/24 MP: 3/3
   598 | D:1      | Reached skill level 1 in Dodging
   923 | D:1      | Gained mutation: You have sharp toenails. [demonic ancestry]
   923 | D:1      | Reached XP level 3. HP: 29/29 MP: 4/4
  1095 | D:2      | Reached ** piety under Lugonu
  1646 | D:3      | Noticed Sigmund
  1806 | D:3      | HP: 1/29 [adder (3)]
  1808 | D:3      | Slain by an orc

Skill      XL: |  1  2 |
---------------+-------+-----
Armour         | 2 |  2.3
Axes           | 2 |  2.6
Dodging        | 1 |  1.2
Fighting       | |  3.6
Invocations    | |  2.5

Action                   || total
-------------------------++-------
Melee: Hand axe          ||   173
       Headbutt          ||    13
       Kick              ||    18
Invok: Depart the Abyss  ||     1
       Bend Space        ||     1
  Use: Potion            ||     1
  Eat: Chunk             ||     3
Armor: Chain mail        ||   177
       Plate armour      ||    13
Dodge: Dodged            ||    73
